 Dungeon Crawl Stone Soup version 0.29.0-4-gdea44cf6ec (webtiles) character file.

Game seed: 9037718004427241109

22 qw the Chopper (level 2, 0/17 HPs)
             Began as a Tengu Warper on Aug 28, 2022.
             Succumbed to their own poison gas
             ... on level 2 of the Dungeon.
             The game lasted 00:00:07 (1973 turns).

qw the Chopper (Tengu Warper)                       Turns: 1973, Time: 00:00:07

Health: 0/17       AC:  5    Str: 17    XL:     2   Next: 91%
Magic:  6/6        EV: 11    Int: 13    God:
Gold:   107        SH:  0    Dex: 13    Spells: 5/5 levels left

rFire   . . .      SeeInvis +   Y - +1 hand axe
rCold   . . .      Faith    .   (no shield)
rNeg    . . .      Spirit   .   k - +0 ring mail
rPois   .          Reflect  .   (helmet restricted)
rElec   .          Harm     .   (no cloak)
rCorr   .          Rampage  .   (no gloves)
Will    .....                   (boots unavailable)
Stlth   +.........              (no amulet)
HPRegen 0.05/turn               a - +6 ring of strength
MPRegen 0.10/turn               q - ring of see invisible

@: lethally poisoned (0 -> -19)
A: beak, talons 3
a: no special abilities


You were on level 2 of the Dungeon.
You visited 1 branch of the dungeon, and saw 2 of its levels.

You collected 107 gold pieces.


Innate Abilities, Weirdness & Mutations

You have a beak for a mouth.
You have claws for feet.


   Skills:
 - Level 2.0 Fighting
 + Level 3.6 Axes
 - Level 1.0 Throwing
 - Level 1.1 Armour
 - Level 2.1 Dodging
 - Level 2.0 Spellcasting
 - Level 2.4 Translocations


You had 5 spell levels left.
You didn't know any spells.
Your spell library contained the following spells:

 Spells                   Type           Power      Damage    Failure   Level
 Blink                    Tloc           14%        N/A       26%         2
 Gell's Gravitas          Tloc           7%         N/A       47%         3
 Lesser Beckoning         Tloc           7%         N/A       47%         3
 Teleport Other           Tloc           7%         N/A       47%         3
 Manifold Assault         Tloc           7%         N/A       99%         5

Inventory:

Hand Weapons
 l - a +0 mace
 Y - a +1 hand axe (weapon)
Armour
 k - a +0 ring mail (worn)
Jewellery
 a - a +6 ring of strength (left hand)
 f - a ring of fire
 q - a ring of see invisible (right hand)
Scrolls
 e - a scroll of identify
Potions
 b - a potion of ambrosia {unknown}
 d - a potion of curing
 i - a potion of berserk rage {unknown}
 j - a potion of brilliance {unknown}
 m - a potion of attraction {unknown}
 p - a potion of mutation {unknown}

Dungeon Overview and Level Annotations

Branches:
Dungeon (2/15)

Altars:


Message History

Done exploring.
1835 ||| READING scroll labelled DIRISK GOEB.
As you read the scroll labelled DIRISK GOEB, it crumbles to dust.
Magic quickly surges around you.
It was a scroll of vulnerability.
Done exploring.
1836 ||| READING 2 scrolls labelled VUEGUNI MOGYSS.
As you read the scroll labelled VUEGUNI MOGYSS, it crumbles to dust.
It is a scroll of identify.
Really abort (and waste the scroll)?
Done exploring.
1837 ||| READING scroll labelled EDGHIN LYNUCOJA.
As you read the scroll labelled EDGHIN LYNUCOJA, it crumbles to dust.
Your body is wracked with pain!
It was a scroll of torment.
You start resting.
You feel your willpower return.
HP restored.
Done exploring.
1966 ||| READING scroll labelled FETTU QINOIPT.
As you read the scroll labelled FETTU QINOIPT, it crumbles to dust.
You feel strangely unstable.
It was a scroll of teleportation.
You start waiting.
Your surroundings suddenly seem different.
Done exploring.
1971 ||| READING scroll labelled AFREER DUOBUYS.
The air fills with toxic fumes!
As you read the scroll labelled AFREER DUOBUYS, it crumbles to dust.
It was a scroll of poison.
Done exploring.
(D) Dungeon
Where to? (* - list waypoints, Enter - D:2, ? - help)
What level of the Dungeon? (default 1, ? - help) Sorry, I don't know how to get there.
Done exploring.
1972 ||| Stepping randomly (stuck).
Really walk into that cloud of poison gas?
You are engulfed in poison gas.
You are lethally poisoned!
You feel very sick.
1973 ||| Stepping ~*~*~tactically~*~*~ (cloud).
You die...

##.#...###.#...####
##.###### ##.###.##
#........# #.# #.##
##<###......#.# #.# .##
##....#...##)######.# #.##
##.###...............#
##.###.##
#.##.###.######## ##.#.##
#.##.# #.# ##.##
#¤##¤###¤# ########
#¤¤¤¤¤@¤¤# .......#
####¤#############
######.# #¤¤..# #......# #
#.# #¤#..# #.####.# #
####.#####.#..# #.# #.# #
#........#.#..#####.####.#
#
#.##.............[....##.#
#
#.##.###.#....#####.#>##.#
###.##.###.#.....#
#.#.##.#


There were no monsters in sight!

Vanquished Creatures
  4 bats (D:1)
  3 endoplasms (D:1)
  3 goblins (D:2)
  2 hobgoblins
  A kobold (D:1)
  2 quokkas
  A ball python (D:2)
  A frilled lizard (D:1)
  A rat (D:1)
18 creatures vanquished.

Notes
Turn   | Place    | Note
-------+----------+-------------------------------------------
     0 | D:1      | qw the Tengu Warper began the quest for the Orb.
     0 | D:1      | Reached XP level 1. HP: 12/12 MP: 4/4
     0 | D:1      | 0 ||| qw: Version: 0.1-a-89-g26bdef1
     0 | D:1      | 0 ||| qw: Game counter: 2742
     0 | D:1      | 0 ||| qw: Always use a shield: true
     0 | D:1      | 0 ||| qw: God list: Okawaru
     0 | D:1      | 0 ||| qw: Allow faded altars: false
     0 | D:1      | 0 ||| qw: Do Orc after D:15 true
     0 | D:1      | 0 ||| qw: Do second Lair branch before Depths: true
     0 | D:1      | 0 ||| qw: Lair rune preference: random
     0 | D:1      | 0 ||| qw: Plans: Normal
     0 | D:1      | 0 ||| PLANNING D:1-11
   190 | D:1      | Reached XP level 2. HP: 17/17 MP: 6/6
   352 | D:1      | Reached skill level 3 in Axes
   979 | D:1      | 979 ||| UPGRADING to +0 ring mail.
   989 | D:1      | 989 ||| DROPPING +0 leather armour.
   990 | D:1      | 990 ||| READING scroll labelled ITTERI XOOREUSH.
   991 | D:1      | 991 ||| READING scroll labelled INLOOT NOA.
   992 | D:1      | 992 ||| READING scroll labelled JANAZI ITYM.
   993 | D:1      | 993 ||| DRINKING 2 metallic white potions.
   994 | D:1      | 994 ||| DROPPING scroll of blinking.
  1832 | D:2      | 1832 ||| DROPPING amulet of magic regeneration.
  1833 | D:2      | 1833 ||| UPGRADING to +6 ring of strength.
  1834 | D:2      | 1834 ||| UPGRADING to ring of see invisible.
  1835 | D:2      | 1835 ||| READING scroll labelled DIRISK GOEB.
  1836 | D:2      | 1836 ||| READING 2 scrolls labelled VUEGUNI MOGYSS.
  1837 | D:2      | 1837 ||| READING scroll labelled EDGHIN LYNUCOJA.
  1966 | D:2      | 1966 ||| READING scroll labelled FETTU QINOIPT.
  1971 | D:2      | 1971 ||| READING scroll labelled AFREER DUOBUYS.
  1972 | D:2      | 1972 ||| Stepping randomly (stuck).
  1972 | D:2      | HP: 4/17 [poisoned by you (poison gas)]
  1973 | D:2      | 1973 ||| Stepping ~*~*~tactically~*~*~ (cloud).
  1973 | D:2      | Succumbed to their own poison gas

Levels and vault maps discovered:
D:1:      doesnt_arrival_eight_statues, layout_loops_ring, grunt_decor_clamped,
          dk_noncrumbling_4
D:2:      layout_loops_corners

Skill      XL: |  1  2 |
---------------+-------+-----
Axes           | 3 |  3.6
Fighting       | |  2.0
Throwing       | |  1.0
Armour         | |  1.1
Dodging        | |  2.1
Spellcasting   | |  2.0
Translocations | |  2.4

Action                   || total
-------------------------++-------
Melee: Hand axe          ||    46
       Kick              ||    10
       Peck              ||     7
Throw: Boomerang         ||     7
  Use: Scroll            ||     8
       Potion            ||     1
Armor: Leather armour    ||    22
       Ring mail         ||     5
Dodge: Dodged            ||    31

Table legend:
 A = Non-vault XP
 B = Vault XP
 C = Vault XP percentage of total XP
 D = Non-vault monster count
 E = Vault monster count
 F = Vault count percentage of total count
                 A         B        C        D         E       F
            +---------+---------+-------+---------+---------+-------
      Total |      32 |       0 |   0.0 |      18 |       0 |   0.0
            +---------+---------+-------+---------+---------+-------
        D:1 |      21 |       0 |   0.0 |      12 |       0 |   0.0
        D:2 |      11 |       0 |   0.0 |       6 |       0 |   0.0
            +---------+---------+-------+---------+---------+-------
